 Dungeon Crawl Stone Soup version 0.26-a0-846-gcc8f1ee719 (webtiles) character file.

Game seed: 18143820742532068645

11953 marklar909 the Grappler (level 11, -5/102 HPs)
             Began as a Troll Warper on Nov 20, 2020.
             Was a Follower of Uskayaw.
             Slain by a komodo dragon (25 damage)
             ... on level 1 of the Lair of Beasts.
             The game lasted 00:24:25 (9897 turns).

marklar909 the Grappler (Troll Warper)              Turns: 9897, Time: 00:24:26

Health: -5/102     AC: 13    Str: 23    XL:     11   Next: 56%
Magic:  12/12      EV: 15    Int:  9    God:    Uskayaw [*.....]
Gold:   718        SH:  0    Dex: 16    Spells: 4/12 levels left

rFire    . . .     SeeInvis .     - Unarmed
rCold    + . .     Faith    +   (no shield)
rNeg     . . .     Spirit   .   r - +2 robe {rC+}
rPois    .         Reflect  .   (helmet restricted)
rElec    .         Harm     .   x - +0 cloak
rCorr    .         Rampage  .   (gloves unavailable)
MR       .....                  (boots unavailable)
Stlth    ++........             J - amulet of faith
HPRegen  0.67/turn              w - +6 ring of dexterity
MPRegen  0.13/turn              C - +4 ring of protection

@: no status effects
A: large, unfitting armour, claws 3, regeneration 1, shaggy fur 1, tough skin 3
a: Stomp, Renounce Religion


You were on level 1 of the Lair of Beasts.
You worshipped Uskayaw.
Uskayaw was noncommittal.
You visited 3 branches of the dungeon, and saw 13 of its levels.

You collected 718 gold pieces.

Inventory:

Missiles
 d - 5 boomerangs of dispersal (quivered)
 E - 4 boomerangs
Armour
 r - a +2 robe of cold resistance (worn)
 x - a +0 cloak (worn)
Jewellery
 l - an uncursed amulet of the acrobat
 v - an uncursed ring of flight
 w - a +6 ring of dexterity (left claw)
 y - an uncursed ring of stealth
 A - an uncursed ring of protection from cold
 C - a +4 ring of protection (right claw)
 F - an uncursed ring of fire
 G - an uncursed amulet of reflection {unknown}
 J - an amulet of faith (around neck)
Wands
 I - a wand of flame (13)
Scrolls
 c - 4 scrolls of blinking
 e - 9 scrolls of identify
 h - 2 scrolls of amnesia
 j - a scroll of fog {unknown}
 k - a scroll of noise {unknown}
 n - 4 scrolls of teleportation
 o - a scroll of magic mapping {unknown}
 s - 3 scrolls of enchant armour {unknown}
 t - 4 scrolls of summoning {unknown}
 u - 2 scrolls of remove curse
 B - 3 scrolls of enchant weapon {unknown}
 H - a scroll of torment {unknown}
Potions
 a - 3 potions of degeneration {unknown}
 b - 3 potions of attraction {unknown}
 f - 3 potions of flight
 g - 2 potions of magic {unknown}
 i - 3 potions of brilliance {unknown}
 m - 4 potions of curing {unknown}
 p - 2 potions of lignification {unknown}
 q - 3 potions of heal wounds
 z - a potion of haste
 D - 3 potions of might {unknown}


   Skills:
 * Level 5.1 Fighting
 + Level 0.8 Throwing
 * Level 7.5 Dodging
 + Level 3.2 Stealth
 + Level 12.0 Unarmed Combat
 + Level 1.3 Spellcasting
 * Level 5.3 Translocations
 * Level 3.4 Invocations
 + Level 0.6 Evocations


You had 4 spell levels left.
You knew the following spells:

 Your Spells              Type           Power        Failure   Level
a - Blink                 Tloc           N/A          6%          2
b - Gell's Gravitas       Tloc           ##........   12%         3
c - Teleport Other        Tloc           ##......     12%         3

Your spell library contained the following spells:

 Spells                   Type           Power        Failure   Level
 Apportation              Tloc           ##....       4%          1
 Lesser Beckoning         Tloc           ##........   12%         3
 Animate Skeleton         Necr           #.....       34%         1
 Corona                   Hex            #......      34%         1
 Summon Small Mammal      Summ           #...         34%         1
 Passage of Golubria      Tloc           N/A          36%         4


Dungeon Overview and Level Annotations

Branches:
Dungeon (11/15)            Temple (1/1) D:6            Lair (1/6) D:9
    Orc (0/2) D:9

Altars:
Ashenzari
Cheibriados
Dithmenos
Elyvilon
Fedhas
Gozag
Hepliaklqana
Kikubaaqudgha
Makhleb
Nemelex Xobeh
Okawaru
Qazlal
Ru
Sif Muna
Trog
Uskayaw
Vehumet
Wu Jian
Xom
Yredelemnul
Zin
The Shining One

Shops:
D:4 }   D:10 }

Portals:
Abyss: D:3

Annotations:
D:3 2 transporters, Aarinfel's ghost, amateur GrFi
D:6 5 runed translucent doors
D:9 2 transporters, Dittersdorf's ghost, novice GrFi


Innate Abilities, Weirdness & Mutations

You are too large for most types of armour.
You have claws for hands.
Your natural rate of healing is unusually fast.
You are covered in fur. (AC +1)
You have extremely tough skin. (AC +3)


Message History

Found 17 stones.
Unknown command.
The komodo dragon bites you!
* * * LOW HITPOINT WARNING * * *
Unknown command.
You feel much better. The komodo dragon closely misses you.
Unknown command.
You scratch the komodo dragon.
The komodo dragon is lightly wounded.
The komodo dragon misses you.
Unknown command.
You scratch the komodo dragon.
The komodo dragon is lightly wounded.
The komodo dragon bites you!
* * * LOW HITPOINT WARNING * * *
Unknown command.
You scratch the komodo dragon.
The komodo dragon is lightly wounded.
The komodo dragon bites you!!
You die...

#....P≈≈P≈≈≈≈≈≈≈##..##..
#...P≈≈P≈≈≈≈PP≈##.###..
.##...PP≈P≈≈≈P≈≈≈....##..
......≈≈≈;P.P≈≈≈≈........
......P.;...[..≈≈....##..
#...................#...
#.......................
..#....l##.........#####.
#.......@........P..#####
........................÷
.......................÷÷
.......................≈≈
(.......................≈
#.............(.......#≈≈
#.............(P(....##≈≈
#...##.......((........≈
....P.....#..≈


You could see a komodo dragon.

Vanquished Creatures
  A hydra (Lair:1)
  3 two-headed ogres
  Pikel (D:3)
  A gargoyle (D:10)
  A cane toad (Lair:1)
  A rime drake (Lair:1)
  2 komodo dragons
  A troll (D:10)
  Sigmund (D:2)
  A shadow (D:11)
  2 wyverns
  5 yaks (Lair:1)
  A steam dragon (D:9)
  Menkaure (D:4)
  Edmund (D:4)
  Duvessa (D:4)
  5 water moccasins
  An orc warrior (D:9)
  2 sky beasts
  A black bear (D:9)
  4 ice beasts
  2 phantoms
  An eye of draining (D:10)
  A necrophage (D:8)
  3 wolves
  9 ogres
  3 centaurs
  2 big kobolds
  3 bullfrogs
  A water moccasin zombie (D:8)
  Dowan (D:4)
  2 jellies (D:10)
  19 killer bees
  2 wights (D:8)
  3 howler monkeys
  An electric eel (Lair:1)
  A bullfrog zombie (D:6)
  A centaur zombie (D:9)
  A quasit (D:9)
  3 hounds
  An orc priest (D:9)
  A bullfrog skeleton (D:7)
  Crazy Yiuf (D:5)
  A gnoll shaman (D:4)
  4 orc wizards
  A centaur skeleton (D:9)
  Jessica (D:2)
  2 iguanas (D:9)
  7 worker ants
  2 hound skeletons (D:4)
  A mummy (D:8)
  A worker ant zombie (D:9)
  12 adders
  8 gnolls
  3 shadow imps
  3 white imps
  An ufetubus (D:8)
  An ooze (D:3)
  2 adder zombies
  4 worms (D:2)
  2 dart slugs
  6 leopard geckos
  15 orcs
  2 ball pythons
  4 giant cockroaches
  13 goblins
  8 hobgoblins
  8 jackals
  21 kobolds
  3 quokkas
  4 bats
  9 frilled lizards
  9 rats
  A bush (D:1)
258 creatures vanquished.

Vanquished Creatures (others)
  28 plants
28 creatures vanquished.

Grand Total: 286 creatures vanquished

Notes
Turn   | Place    | Note
-------+----------+-------------------------------------------
     0 | D:1      | marklar909 the Troll Warper began the quest for the Orb.
     0 | D:1      | Reached XP level 1. HP: 19/19 MP: 1/1
   182 | D:1      | Reached XP level 2. HP: 28/28 MP: 2/2
   300 | D:1      | Learned a level 2 spell: Blink
   602 | D:1      | Reached XP level 3. HP: 35/35 MP: 4/4
   863 | D:2      | Noticed Sigmund
   999 | D:2      | Reached XP level 4. HP: 38/42 MP: 5/5
  1169 | D:3      | Noticed a small abomination
  1175 | D:3      | Found a transporter.
  1179 | D:3      | Noticed a small abomination
  1265 | D:3      | Reached skill level 3 in Unarmed Combat
  1289 | D:3      | Reached XP level 5. HP: 7/49 MP: 6/6
  1470 | D:3      | Learned a level 3 spell: Gell's Gravitas
  1483 | D:3      | Noticed Aarinfel's ghost (amateur GrFi)
  1485 | D:3      | Found a transporter.
  1604 | D:4      | Noticed Menkaure
  1615 | D:4      | Killed Menkaure
  1616 | D:4      | Reached skill level 4 in Unarmed Combat
  1616 | D:4      | Reached XP level 6. HP: 43/58 MP: 7/7
  1666 | D:4      | Found Hoxego's Gadget Emporium.
  1705 | D:4      | Reached skill level 5 in Unarmed Combat
  1776 | D:4      | Noticed Pikel
  1776 | D:4      | Noticed Edmund
  1873 | D:3      | Found a one-way gate to the infinite horrors of the Abyss.
  1915 | D:3      | Killed Pikel
  1916 | D:3      | Reached skill level 6 in Unarmed Combat
  1916 | D:3      | Reached XP level 7. HP: 20/66 MP: 8/8
  2018 | D:4      | Killed Edmund
  2019 | D:4      | Reached skill level 1 in Stealth
  2019 | D:4      | Reached skill level 7 in Unarmed Combat
  2019 | D:4      | Reached XP level 8. HP: 39/75 MP: 9/9
  2247 | D:4      | Noticed Dowan
  2248 | D:4      | Noticed Duvessa
  2509 | D:2      | Noticed Jessica
  2513 | D:2      | Killed Jessica
  2629 | D:2      | Killed Sigmund
  2737 | D:2      | Reached skill level 8 in Unarmed Combat
  3207 | D:4      | Killed Dowan
  3266 | D:4      | Killed Duvessa
  3312 | D:5      | Entered Level 5 of the Dungeon
  3409 | D:5      | Learned a level 3 spell: Teleport Other
  3434 | D:5      | Found a stormy altar of Qazlal.
  3588 | D:5      | Found a runed translucent door.
  3589 | D:5      | Noticed Crazy Yiuf
  3859 | D:5      | Killed Crazy Yiuf
  3984 | D:6      | You fall into a shaft and drop 3 floors!
  3997 | D:9      | Reached skill level 9 in Unarmed Combat
  3997 | D:9      | Reached XP level 9. HP: 83/83 MP: 10/10
  4110 | D:9      | Found a transporter.
  4231 | D:7      | Reached skill level 5 in Dodging
  4458 | D:6      | You fall into a shaft and drop 1 floor!
  4595 | D:6      | Found a staircase to the Ecumenical Temple.
  4641 | Temple   | Entered the Ecumenical Temple
  4655 | D:6      | Found the +9 staff of Olgreb {rPois∞}
  4667 | D:6      | Reached skill level 10 in Unarmed Combat
  4674 | D:6      | Found a runed translucent gate.
  4676 | D:6      | Found a runed translucent gate.
  4677 | D:6      | Found a runed translucent door.
  4719 | D:6      | Found a runed translucent door.
  4745 | D:6      | Found a runed translucent gate.
  5051 | D:7      | Found an opulent altar of Gozag.
  5773 | D:8      | Found a hide-covered altar of Uskayaw.
  5773 | D:8      | Found a shadowy altar of Dithmenos.
  5820 | D:8      | Noticed a two-headed ogre
  5977 | D:8      | Reached XP level 10. HP: 92/92 MP: 11/11
  6145 | D:8      | Became a worshipper of Uskayaw the Reveller
  6267 | D:9      | Reached * piety under Uskayaw
  6271 | D:9      | Reached ** piety under Uskayaw
  6305 | D:9      | Noticed Dittersdorf's ghost (novice GrFi)
  6340 | D:9      | Reached *** piety under Uskayaw
  6341 | D:9      | Noticed a two-headed ogre
  6356 | D:9      | Reached **** piety under Uskayaw
  6653 | D:8      | Killed a two-headed ogre
  6654 | D:8      | Reached skill level 11 in Unarmed Combat
  6654 | D:8      | Reached skill level 1 in Invocations
  6747 | D:9      | Found a staircase to the Orcish Mines.
  6892 | D:9      | Found a transporter.
  7033 | D:9      | Found a sacrificial altar of Ru.
  7097 | D:9      | Found a staircase to the Lair.
  7189 | D:9      | Killed a two-headed ogre
  7429 | D:10     | Entered Level 10 of the Dungeon
  7658 | D:10     | Found Qip Muma's Gadget Boutique.
  7800 | D:10     | Noticed a gargoyle
  7812 | D:10     | Killed a gargoyle
  7948 | D:10     | Reached XP level 11. HP: 88/101 MP: 12/12
  8002 | D:10     | Noticed a two-headed ogre
  8010 | D:10     | Killed a two-headed ogre
  8011 | D:10     | Reached skill level 5 in Translocations
  8697 | Lair:1   | Entered Level 1 of the Lair of Beasts
  8991 | Lair:1   | HP: 5/101 [cane toad (18)]
  9212 | Lair:1   | Reached skill level 12 in Unarmed Combat
  9212 | Lair:1   | Reached ***** piety under Uskayaw
  9215 | Lair:1   | Reached skill level 5 in Fighting
  9330 | Lair:1   | Noticed a five-headed hydra
  9682 | Lair:1   | Killed a nine-headed hydra
  9897 | Lair:1   | Slain by a komodo dragon

Illustrated notes

Levels and vault maps discovered:
D:1:      dpeg_arrival_water_temple_mockup, layout_basic, minmay_hedge_maze
D:2:      layout_loops_corners, uniq_sigmund, uniq_jessica
D:3:      layout_rooms, gammafunk_ghost_abyssal_escape
D:4:      layout_rooms, serial_shops, shop, kennysheep_diamond,
          chequers_serial_rivers_small_3, minmay_misc_feat_alley, uniq_duvessa,
          uniq_edmund, uniq_menkaure, uniq_pikel
D:5:      wander_river, layout_rooms, nicolae_qazlal_eye_of_the_storm,
          minmay_misc_feat_enclosed, uniq_crazy_yiuf_cottage
D:6:      layout_rooms, minmay_temple_entry_grid,
          minmay_guarded_unrand_staff_of_olgreb
D:7:      layout_loops_ring, lemuel_round_altar, nicolae_benzene_ring
D:8:      layout_cave_pools, amethyst_overflow_temple_binary, serial_undead,
          serial_undead_b, serial_undead_b, serial_undead_f, serial_undead_a
D:9:      layout_cave_pools, david_lair_shrubbed, orc_0_dummy,
          gammafunk_ghost_stat_death, nicolae_ru_awakened_eye
D:10:     layout_irregular_city, serial_shops, nicolae_shop_trees
D:11:     layout_cave_pools, serial_shops, shop, nicolae_shop_waterfront,
          nicolae_shop_trees, serial_column_ruins, column_ruins_hut,
          column_ruins_hut, column_ruins_columns_straight, column_ruins_grid_1,
          column_ruins_grid_3, grunt_ministairs_7, uniq_nergalle, uniq_harold
Temple:   nicolae_temple_no_exploring_needed
Lair:1:   layout_gridlike, lemuel_fruit_tree, grunt_megastairs_2,
          serial_bayou_shore_a, serial_bayou_shore_b,
          infiniplex_staircase_pool_2

Skill      XL: |  1  2  3  4  5  6  7  8  9 10 11 |
---------------+----------------------------------+-----
Dodging        | 2 3 4 5 6 7 |  7.5
Fighting       | 2 3 4 5 |  5.1
Unarmed Combat | 3 4 6 7 9 10 11 12 | 12.0
Stealth        | 1 2 3 |  3.2
Translocations | 3 4 5 |  5.3
Invocations    | 2 3 |  3.4
Throwing       | |  0.8
Spellcasting   | |  1.3
Evocations     | |  0.6

Action                   |  1- 3 |  4- 6 |  7- 9 | 10-12 || total
-------------------------+-------+-------+-------+-------++-------
Melee: Unarmed           |   188 |   113 |   331 |   301 ||   933
       Punch             |     1 |     1 |    15 |    14 ||    31
 Cast: Blink             |     1 |       |       |       ||     1
Invok: Stomp             |       |       |       |     9 ||     9
       Line Pass         |       |       |       |     6 ||     6
Evoke: Wand              |       |       |     1 |    14 ||    15
  Use: Scroll            |       |       |     4 |       ||     4
       Potion            |       |       |       |     3 ||     3
 Stab: Sleeping          |       |       |     6 |     1 ||     7
       Paralysed         |       |       |       |    23 ||    23
       Confused          |       |       |       |     1 ||     1
Armor: Robe              |    54 |    35 |    89 |   132 ||   310
       Skin              |       |       |     2 |       ||     2
Dodge: Dodged            |    69 |    55 |   200 |   334 ||   658

Table legend: (Time is in decaauts)
 A = Elapsed time spent in this place.
 B = Non-inter-level travel time spent in this place.
 C = Inter-level travel time spent in this place.
 D = Time resting spent in this place.
 E = Time spent auto-exploring this place.
 F = Levels seen in this place.
 G = Mean time per level.
                   A        B        C        D        E       F      G
               +--------+--------+--------+--------+--------+-----+--------+
         Total |   9803 |   8961 |    842 |    999 |   5761 |  13 |  754.1 |
       Dungeon |   9113 |   8323 |    790 |    815 |   5467 |  11 |  828.5 |
        Temple |      1 |      1 |      0 |      0 |      0 |   1 |    1.0 |
          Lair |    687 |    635 |     52 |    184 |    293 |   1 |  687.0 |
               +--------+--------+--------+--------+--------+-----+--------+

Top non-repeatable levels by time:
     D:9: 1393 daAuts
    D:10: 1187 daAuts
     D:2: 979 daAuts
     D:8: 961 daAuts
     D:7: 951 daAuts
     D:4: 834 daAuts
     D:1: 801 daAuts
     D:3: 772 daAuts
  Lair:1: 687 daAuts
     D:5: 609 daAuts
     D:6: 604 daAuts
    D:11: 19 daAuts
  Temple: 1 daAuts
